 Dungeon Crawl Stone Soup version 0.31-a0-845-g9abc20d24f (webtiles) character file.

Game seed: 904055486622701437

2261 arglypuff the Nimble (level 9, 0/63 HPs)
             Began as a Djinni Hedge Wizard on Oct 1, 2023.
             Slain by an orc warrior
             ... wielding a +0 battleaxe
              (25 damage)
             ... on level 6 of the Dungeon.
             The game lasted 00:19:56 (6493 turns).

arglypuff the Nimble (Djinni Hedge Wizard)          Turns: 6493, Time: 00:19:57

Health: 0/63       AC:  2    Str:  9    XL:     9   Next: 64%
Gold:   1454       EV: 15    Int: 21    God:
                   SH:  0    Dex: 12

rFire   + + .        t - +2 quarterstaff (elec)
rCold   x . .        (shield currently unavailable)
rNeg    . . .        b - +0 robe
rPois   ∞            c - +0 hat
rElec   .            k - scarf {shadows}
rCorr   .            (no gloves)
SInv    .            (boots unavailable)
Will    .....        d - amulet of regeneration
Stlth   ++           (no ring)
HPRegen 1.10/turn    (no ring)
MPRegen 0.00/turn

%: infuse magic (-1 HP)
@: flying
A: sickness immunity, fire resistance 2, cold vulnerability 1, float, innate
caster, HP casting, extra vitality 1
a: no special abilities


You were on level 6 of the Dungeon.
You visited 1 branch of the dungeon, and saw 7 of its levels.
You also visited: Sewer.

You collected 1454 gold pieces.

Inventory:

Hand Weapons
 a - a +0 dagger
 t - a +2 quarterstaff of electrocution (weapon)
Armour
 b - a +0 robe (worn)
 c - a +0 hat (worn)
 k - a scarf of shadows (worn)
 u - a +2 cloak
Jewellery
 d - an amulet of regeneration (around neck)
Wands
 m - a wand of acid (8)
 s - a wand of flame (19)
Scrolls
 f - 4 scrolls of fog
 h - 3 scrolls of enchant weapon {unknown}
 n - a scroll of enchant armour {unknown}
 p - 4 scrolls of identify
 q - 2 scrolls of summoning
 r - a scroll of fear
 v - a scroll of brand weapon
 x - a scroll of revelation {unknown}
 y - a scroll of teleportation
Potions
 e - a potion of curing
 g - 3 potions of mutation {unknown}
 i - 2 potions of magic {unknown}
 j - 2 potions of might {unknown}
 l - a potion of invisibility {unknown}
 o - a potion of haste {unknown}
 w - a potion of lignification {unknown}


   Skills:
 + Level 4.7 Fighting
 + Level 0.5 Staves
 + Level 9.3 Dodging
 + Level 4.2 Stealth
 + Level 5.2 Spellcasting
 + Level 5.2 Conjurations
 + Level 5.2 Hexes
 + Level 5.2 Summonings
 + Level 5.2 Necromancy
 + Level 5.2 Translocations
 + Level 5.2 Transmutations
 + Level 5.2 Fire Magic
 + Level 5.2 Ice Magic
 + Level 5.2 Air Magic
 + Level 5.2 Earth Magic
 + Level 5.2 Poison Magic


You knew the following spells:

 Your Spells              Type           Power      Damage    Failure   Level
a - Magic Dart            Conj           100%       1d8       1%          1
b - Slow                  Hex            100%       N/A       1%          1
c - Blink                 Tloc           54%        N/A       1%          2
d - Call Imp              Summ           54%        N/A       1%          2
e - Mephitic Cloud        Conj/Pois/Air  27%        N/A       3%          3
f - Apportation           Tloc           54%        N/A       1%          1
g - Lesser Beckoning      Tloc           54%        N/A       1%          2
h - Hailstorm             Conj/Ice       27%        3d7       3%          3
i - Vampiric Draining     Necr           27%        2d7       3%          3
Your spell library was empty.

Dungeon Overview and Level Annotations

Branches:
Dungeon (7/15)             Temple (0/1) D:4           Sewer (visited)

Altars:
Cheibriados
Makhleb
Okawaru
Ru
Wu Jian
The Shining One

Shops:
D:7 ?

Portals:
Abyss: D:5

Annotations:
D:5 1 transporter, soul19's ghost, novice DsFi


Innate Abilities, Weirdness & Mutations

You are immune to sickness and miasma.
You are immune to poison.
Your flesh is very heat resistant. (rF++)
You are vulnerable to cold. (rC-)
You float through the air rather than walking.
You learn spells naturally, not from books.
Your magical power is your life essence.
You have superior vitality. (+4 MHP)


Message History

You can't see any susceptible monsters within range! (Use Z to cast anyway.) Done exploring.
Done exploring.
Done exploring.
Done exploring.
You see here a +0 quarterstaff.
There is a stone staircase leading up here.
You fly upwards.
The orc warrior barely misses you.
The orc warrior hits you with a +0 battleaxe!
There is a stone staircase leading down here.
Casting: Magic Dart (safe; 1% risk of failure)
Confirm with . or Enter, or press ? or * to list all spells.
A tiny devil pulls itself out of the air.
The orc warrior hits you with a +0 battleaxe!
The magic dart hits the orc warrior but does no damage.
The orc warrior hits you with a +0 battleaxe!
The magic dart hits the orc warrior but does no damage.
Your cerulean imp hits the orc warrior but does no damage.
The orc warrior misses you.
The magic dart hits the orc warrior.
The orc warrior is lightly wounded.
Your cerulean imp hits the orc warrior but does no damage.
The orc warrior barely misses you.
The magic dart hits the orc warrior.
The orc warrior is moderately wounded.
Your cerulean imp hits the orc warrior but does no damage.
The orc warrior hits you with a +0 battleaxe!
You are too injured to fight recklessly!
You are too injured to fight recklessly!
You are too injured to fight recklessly!
Casting: Magic Dart (safe; 1% risk of failure)
Confirm with . or Enter, or press ? or * to list all spells.
Aiming: Vampiric Draining (dangerous; 3% risk of failure)
Press: ? - help, Shift-Dir - straight line, f/p - orc warrior
Aim: an orc warrior, wielding a +0 battleaxe and wearing a +0 plate armour (moderately wounded, ally target)
You draw life force from the orc warrior.
You feel life coursing into your body.
Your cerulean imp hits the orc warrior but does no damage.
The orc warrior hits you with a +0 battleaxe!!
You die...

...>...#............##'## ####
###+####............##..##....
##....##.............#...(....
......##...##........#........
......#######........#........
####†###...##...##...#........
##....##...##...##...#........
...............5.....'....o...
................@....#........
...............o######o.......
...........##...##..##..##...
...........##...##..##..# ...
##....##...#....#.......# ..
########...#....##..##..#
+....##..##..# #$....#..##..#
#.....#..##..#


You could see an orc warrior (ally target) and a friendly cerulean imp
(summoned).

Vanquished Creatures
  An ice beast (D:6)
  An ogre (D:5)
  2 centaurs
  4 kobold brigands
  2 bullfrogs (D:7)
  4 scorpions
  A vampire bat (D:3)
  A small abomination (D:5)
  A jelly (D:6)
  3 orc priests
  2 sleepcaps
  A hound (D:5)
  Crazy Yiuf (D:3)
  2 gnoll boudas (D:7)
  Terence (D:3)
  5 iguanas
  2 orc wizards
  16 gnolls
  9 adders
  2 river rats (Sewer)
  2 shadow imps
  A white imp (D:5)
  3 ufetubi
  6 worms
  3 dart slugs
  3 fire bats (D:3)
  22 orcs
  2 spectral bats (D:3)
  13 ball pythons
  3 bat skeletons (D:3)
  A bat zombie (D:3)
  11 endoplasms
  5 giant cockroaches
  8 hobgoblins
  3 jackals (D:5)
  12 kobolds
  3 quokkas
  22 bats
  A bat simulacrum (D:3)
  4 frilled lizards
  8 goblins
  7 rats
204 creatures vanquished.

Vanquished Creatures (collateral kills)
  Duvessa (D:5)
  Dowan (D:5)
  2 gnolls
  2 orcs
  A bat (D:7)
  A jackal (D:5)
  A rat (D:3)
9 creatures vanquished.

Grand Total: 213 creatures vanquished

Notes
Turn   | Place    | Note
-------+----------+-------------------------------------------
     0 | D:1      | arglypuff the Djinni Hedge Wizard began the quest for the
                  | Orb.
     0 | D:1      | arglypuff set off with the following spells memorised:
                  | Magic Dart, Slow, Blink, Call Imp, Mephitic Cloud.
     0 | D:1      | Reached XP level 1. HP: 15/15 MP: 0/0
   118 | D:1      | Reached XP level 2. HP: 21/21 MP: 0/0
   376 | D:1      | Reached XP level 3. HP: 25/25 MP: 0/0
   376 | D:1      | Learned a level 1 spell: Apportation
   936 | D:2      | Reached skill level 3 in Dodging
  1117 | D:2      | Reached XP level 4. HP: 31/31 MP: 0/0
  1338 | D:2      | You are sucked into a shaft and drop 1 floor!
  1496 | D:2      | Reached XP level 5. HP: 33/36 MP: 0/0
  1496 | D:2      | Learned a level 2 spell: Lesser Beckoning
  1742 | D:3      | Found a runed translucent door.
  1743 | D:3      | Noticed Crazy Yiuf
  2145 | D:3      | Reached skill level 1 in Fighting
  2145 | D:3      | Reached skill level 4 in Dodging
  2145 | D:3      | Reached XP level 6. HP: 29/42 MP: 0/0
  2327 | D:3      | Noticed Terence
  2397 | D:3      | Killed Terence
  2865 | D:3      | Killed Crazy Yiuf
  2866 | D:3      | Reached skill level 5 in Dodging
  2965 | D:4      | Found a snail-covered altar of Cheibriados.
  2966 | D:4      | Found a sacrificial altar of Ru.
  2967 | D:4      | Found a glowing golden altar of the Shining One.
  2984 | D:4      | Identified a scroll of acquirement
  2984 | D:4      | Acquired 1008 gold pieces
  3013 | D:4      | Found a staircase to the Ecumenical Temple.
  3057 | D:4      | Reached XP level 7. HP: 29/48 MP: 0/0
  3057 | D:4      | Learned a level 3 spell: Hailstorm
  3094 | D:4      | Found a glowing drain.
  3115 | Sewer    | Entered a sewer
  3659 | Sewer    | Reached skill level 6 in Dodging
  3884 | D:4      | Reached XP level 8. HP: 50/55 MP: 0/0
  4205 | D:4      | Found a burning altar of Makhleb.
  4231 | D:5      | Entered Level 5 of the Dungeon
  4457 | D:5      | Noticed Duvessa
  4466 | D:5      | Noticed Dowan
  4601 | D:5      | Killed Duvessa
  4602 | D:5      | Killed Dowan
  4660 | D:5      | Reached skill level 7 in Dodging
  4687 | D:5      | Found a transporter.
  4705 | D:5      | Found a transporter.
  4928 | D:5      | Found an ornate altar of the Wu Jian Council.
  5183 | D:5      | Found a one-way gate to the infinite horrors of the Abyss.
  5183 | D:5      | Noticed soul19's ghost (novice DsFi)
  5300 | D:6      | Reached XP level 9. HP: 40/62 MP: 0/0
  5300 | D:6      | Learned a level 3 spell: Vampiric Draining
  5413 | D:6      | Reached skill level 8 in Dodging
  5466 | D:6      | Reached skill level 5 in Spellcasting
  5466 | D:6      | Reached skill level 5 in Conjurations
  5466 | D:6      | Reached skill level 5 in Hexes
  5466 | D:6      | Reached skill level 5 in Summonings
  5466 | D:6      | Reached skill level 5 in Necromancy
  5466 | D:6      | Reached skill level 5 in Translocations
  5466 | D:6      | Reached skill level 5 in Transmutations
  5466 | D:6      | Reached skill level 5 in Fire Magic
  5466 | D:6      | Reached skill level 5 in Ice Magic
  5466 | D:6      | Reached skill level 5 in Air Magic
  5466 | D:6      | Reached skill level 5 in Earth Magic
  5466 | D:6      | Reached skill level 5 in Poison Magic
  5696 | D:7      | Found an iron altar of Okawaru.
  5878 | D:7      | Reached skill level 9 in Dodging
  5949 | D:7      | Found Lukuf's Magic Scroll Emporium.
  6493 | D:6      | Slain by an orc warrior

Illustrated notes

Levels and vault maps discovered:
D:1:      ebering_trefoil_3fold, layout_basic
D:2:      layout_basic, minmay_fractal_squares_5
D:3:      layout_loops_corners, goddamned_bats, uniq_grinder,
          uniq_crazy_yiuf_cottage, uniq_terence
D:4:      layout_rooms, mainiacjoe_overflow_alcove_3,
          mainiacjoe_overflow_alcove_2, temple_fountains,
          cheibrodos_sewer_entry_bend, nicolae_houndstooth_variations
D:5:      layout_cave_pools, kennysheep_mini_moat,
          gammafunk_ghost_abyssal_escape, uniq_duvessa
D:6:      layout_gridville, lemuel_round_altar, uniq_jeremiah
D:7:      layout_loops_cross, mainiacjoe_overflow_tiny_flanked, serial_shops,
          shop, roderic_batcave

Skill      XL: |  1  2  3  4  5  6  7  8  9 |
---------------+----------------------------+-----
Stealth        | 2 3 4 |  4.2
Dodging        | 3 4 5 6 7 9 |  9.3
Spellcasting   | 3 4 5 |  5.2
Conjurations   | 3 4 5 |  5.2
Hexes          | 3 4 5 |  5.2
Summonings     | 3 4 5 |  5.2
Necromancy     | 3 4 5 |  5.2
Translocations | 3 4 5 |  5.2
Transmutations | 3 4 5 |  5.2
Fire Magic     | 3 4 5 |  5.2
Ice Magic      | 3 4 5 |  5.2
Air Magic      | 3 4 5 |  5.2
Earth Magic    | 3 4 5 |  5.2
Poison Magic   | 3 4 5 |  5.2
Fighting       | 1 2 3 4 |  4.7
Staves         | |  0.5

Action                     |  1- 3 |  4- 6 |  7- 9 || total
---------------------------+-------+-------+-------++-------
  Melee: Quarterstaff      |       |     3 |       ||     3
   Cast: Magic Dart        |    85 |   221 |   512 ||   818
         Call Imp          |       |     5 |    15 ||    20
         Lesser Beckoning  |       |     4 |       ||     4
         Mephitic Cloud    |       |     2 |     5 ||     7
         Hailstorm         |       |       |     8 ||     8
         Vampiric Draining |       |       |     1 ||     1
    Use: Scroll            |       |    10 |     3 ||    13
         Potion            |       |       |     1 ||     1
 Armour: Robe              |     5 |    90 |   144 ||   239
  Dodge: Dodged            |    11 |   116 |   205 ||   332

Table legend: (Time is in decaauts)
 A = Elapsed time spent in this place.
 B = Non-inter-level travel time spent in this place.
 C = Inter-level travel time spent in this place.
 D = Time resting spent in this place.
 E = Time spent auto-exploring this place.
 F = Levels seen in this place.
 G = Mean time per level.
                   A        B        C        D        E       F      G
               +--------+--------+--------+--------+--------+-----+--------+
         Total |   6492 |   6277 |    215 |    169 |   4537 |   8 |  811.5 |
       Dungeon |   5923 |   5708 |    215 |    169 |   4147 |   7 |  846.1 |
         Sewer |    569 |    569 |      0 |      0 |    390 |   1 |  569.0 |
               +--------+--------+--------+--------+--------+-----+--------+

Top non-repeatable levels by time:
     D:3: 1256 daAuts
     D:5: 914 daAuts
     D:1: 912 daAuts
     D:7: 822 daAuts
     D:4: 791 daAuts
     D:2: 764 daAuts
   Sewer: 569 daAuts
     D:6: 461 daAuts
